 Dungeon Crawl Stone Soup version 0.28-a0-479-g5baa6b73be (webtiles) character file.

Game seed: 18210788503777271585

38 peenler the Covered (level 3, -4/31 HPs)
             Began as a Demigod Fighter on Sept 17, 2021.
             Slain by a gnoll (6 damage)
             ... on level 2 of the Dungeon.
             The game lasted 00:02:14 (484 turns).

peenler the Covered (Demigod Fighter)                Turns: 484, Time: 00:02:14

Health: -4/31      AC:  6    Str: 21    XL:     3   Next: 10%
Magic:  5/5        EV:  9    Int: 10    God:
Gold:   10         SH:  4    Dex: 13    Spells: 2/2 levels left

rFire   . . .      SeeInvis .   e - +0 short sword (elec)
rCold   . . .      Faith    .   c - +0 buckler
rNeg    . . .      Spirit   .   b - +0 scale mail
rPois   .          Reflect  .   (no helmet)
rElec   .          Harm     .   (no cloak)
rCorr   .          Rampage  .   (no gloves)
Will    .....                   (no boots)
Stlth   ..........              (no amulet)
HPRegen 0.10/turn               (no ring)
MPRegen 0.09/turn               (no ring)

@: no status effects
A: high mp 1, forlorn
a: no special abilities


You were on level 2 of the Dungeon.
You visited 1 branch of the dungeon, and saw 2 of its levels.

You collected 10 gold pieces.

Inventory:

Hand Weapons
 a - a +0 flail
 e - a +0 short sword of electrocution (weapon)
Armour
 b - a +0 scale mail (worn)
 c - a +0 buckler (worn)
Scrolls
 f - a scroll of enchant weapon {unknown}
 i - 2 scrolls of brand weapon {unknown}
 j - a scroll of teleportation {unknown}
Potions
 d - a potion of might
 g - a potion of haste {unknown}
 h - a potion of curing {unknown}


   Skills:
 + Level 3.0 Fighting
 + Level 0.2 Short Blades
 + Level 2.0 Maces & Flails
 + Level 3.1 Armour
 + Level 0.3 Dodging
 + Level 3.1 Shields


You had 2 spell levels left.
You didn't know any spells.
Your spell library was empty.

Dungeon Overview and Level Annotations

Branches:
Dungeon (2/15)

Shops:
D:2 *


Innate Abilities, Weirdness & Mutations

Your attributes grow dramatically as you level up.
You have an increased reservoir of magic. (+10% MP)
You shall have no god before yourself.


Message History

The ball python bites you but does no damage.
The ball python grabs you. The ball python constricts you.
The gnoll barely misses you.
You hit the ball python.
Lightning courses through the ball python!!
You kill the ball python!
The gnoll hits you but does no damage.
You hit the gnoll.
The gnoll is moderately wounded.
The gnoll hits you from afar with a +0 halberd.
The gnoll hits you with a +0 club. The gnoll hits you but does no damage.
You closely miss the gnoll.
The gnoll is moderately wounded.
The gnoll hits you from afar with a +0 halberd.
You block the gnoll's attack. x2
You hit the gnoll. Lightning courses through the gnoll!
The gnoll is severely wounded.
The gnoll hits you but does no damage. x2; The gnoll hits you with a +0 flail.
* * * LOW HITPOINT WARNING * * *
You hit the gnoll.
You kill the gnoll!
The gnoll hits you from afar with a +0 halberd.
* * * LOW HITPOINT WARNING * * *
The gnoll hits you with a +0 club.
* * * LOW HITPOINT WARNING * * *
Your Armour skill increases to level 3!
You hit the gnoll but do no damage. Lightning courses through the gnoll!!
You kill the gnoll!
The gnoll hits you from afar with a +0 halberd.
* * * LOW HITPOINT WARNING * * *
The goblin completely misses you.
Your Maces & Flails skill increases to level 2!
You have reached level 3!
Your experience leads to a dramatic increase in your attributes!
Increase (S)trength, (I)ntelligence, or (D)exterity?
You feel stronger. x4
The gnoll hits you but does no damage. The goblin hits you with a +0 dagger.
* * * LOW HITPOINT WARNING * * *
The gnoll hits you from afar with a +0 halberd.
You die...

# # ......# #
.)...# # .....# #
....# # ....# #
#gg.
#################g#
................@.#
###################


You could see 2 gnolls and a goblin.

Vanquished Creatures
  2 gnolls (D:2)
  A dart slug (D:1)
  3 ball pythons
  An endoplasm (D:1)
  A goblin (D:2)
  A hobgoblin (D:1)
  A quokka (D:1)
  3 bats (D:1)
  A frilled lizard (D:1)
  2 kobolds (D:1)
  3 rats
19 creatures vanquished.

Notes
Turn   | Place    | Note
-------+----------+-------------------------------------------
     0 | D:1      | peenler the Demigod Fighter began the quest for the Orb.
     0 | D:1      | Reached XP level 1. HP: 18/18 MP: 3/3
   253 | D:1      | Reached XP level 2. HP: 21/25 MP: 4/4
   450 | D:2      | Found Voredul's Assorted Antiques.
   484 | D:2      | Reached XP level 3. HP: 2/31 MP: 5/5
   484 | D:2      | Slain by a gnoll

Illustrated notes

Levels and vault maps discovered:
D:1:      dpeg_arrival_tiny_a, layout_loops_ring,
          shapermc_ecumenical_altar_petra
D:2:      layout_basic, serial_shops, shop, nicolae_shop_statue_plus,
          nicolae_shop_crystal, nicolae_square_shop

Skill      XL: |  1  2 |
---------------+-------+-----
Fighting       | 3 |  3.0
Shields        | 3 |  3.1
Armour         | 3 |  3.1
Maces & Flails | 2 |  2.0
Short Blades   | |  0.2
Dodging        | |  0.3

Action                   || total
-------------------------++-------
Melee: Short sword       ||    44
       Flail             ||    18
Armor: Scale mail        ||    37
Dodge: Dodged            ||    32
Block: Buckler           ||    22

Table legend: (Time is in decaauts)
 A = Elapsed time spent in this place.
 B = Non-inter-level travel time spent in this place.
 C = Inter-level travel time spent in this place.
 D = Time resting spent in this place.
 E = Time spent auto-exploring this place.
 F = Levels seen in this place.
 G = Mean time per level.
                   A        B        C        D        E       F      G
               +--------+--------+--------+--------+--------+-----+--------+
         Total |    495 |    495 |      0 |    131 |     71 |   2 |  247.5 |
       Dungeon |    495 |    495 |      0 |    131 |     71 |   2 |  247.5 |
               +--------+--------+--------+--------+--------+-----+--------+

Top non-repeatable levels by time:
     D:1: 380 daAuts
     D:2: 115 daAuts
